 Dungeon Crawl Stone Soup version 0.25.1-2-g60ff931df9 (webtiles) character file.

Game seed: 13847851731930920770

1999 selver the Basher (level 9, -4/51 HPs)
             Began as a Gargoyle Berserker on Oct 18, 2020.
             Was an Elder of Trog.
             Splashed by an acid dragon's acid (8 damage)
             ... on level 6 of the Dungeon.
             The game lasted 00:17:49 (5961 turns).

selver the Basher (Gargoyle Berserker)              Turns: 5961, Time: 00:17:49

Health: -4/51      AC:  8    Str: 23    XL:     9   Next: 21%
Magic:  9/9        EV:  8    Int:  8    God:    Trog [****..]
Gold:   328        SH:  0    Dex: 10    Spells: 8/8 levels left

rFire    . . .     SeeInvis .   a - +0 mace
rCold    . . .     Gourm    .   (no shield)
rNeg     + . .     Faith    .   e - +0 chain mail
rPois    ∞         Spirit   .   (no helmet)
rElec    +         Reflect  .   g - +0 cloak
rCorr    .         Harm     .   (no gloves)
MR       .....                  (no boots)
Stlth    ..........             (no amulet)
HPRegen  0.17/turn              (no ring)
MPRegen  0.11/turn              (no ring)

@: corroded
A: negative energy resistance 1, electricity resistance, unbreathing,
petrification resistance, rot immunity, AC +6
a: Berserk, Trog's Hand, Brothers in Arms, Renounce Religion


You were on level 6 of the Dungeon.
You worshipped Trog.
Trog was greatly pleased with you.
You were not hungry.

You visited 1 branch of the dungeon, and saw 6 of its levels.
You also visited: Ossuary.

You collected 328 gold pieces.

Inventory:

Hand Weapons
 a - a +0 mace (weapon)
Armour
 e - a +0 chain mail (worn)
 g - a +0 cloak (worn)
Wands
 m - a wand of flame (17)
Scrolls
 d - 6 scrolls of identify
 f - 4 scrolls of remove curse
 o - 2 scrolls of enchant weapon {unknown}
 p - a scroll of enchant armour {unknown}
 s - a scroll of fog {unknown}
Potions
 b - a potion of stabbing {unknown}
 h - 2 potions of haste
 i - a potion of curing
 j - 2 potions of resistance
 k - 3 potions of mutation
 n - a potion of ambrosia {unknown}
 q - a potion of cancellation {unknown}
 t - a potion of heal wounds {unknown}
Miscellaneous
 l - a box of beasts
Comestibles
 c - 9 rations


   Skills:
 - Level 3.2 Fighting
 + Level 11.9 Maces & Flails
 - Level 2.1 Armour
 - Level 1.5 Dodging


You had 8 spell levels left.
You didn't know any spells.
Your spell library was empty.

Dungeon Overview and Level Annotations

Branches:
Dungeon (6/15)            Ossuary (visited)
 Temple: D:4-7

Altars:
Kikubaaqudgha
Okawaru
Vehumet
Wu Jian
Xom
Yredelemnul

Shops:
D:5 =


Innate Abilities, Weirdness & Mutations

You are resistant to torment.
Your stone body is resilient. (AC +6)
You are immune to poison.
You resist negative energy. (rN+)
You are resistant to electric shocks. (rElec)
You can survive without breathing.
You are immune to petrification.
You are immune to rotting.


Message History

The water moccasin is severely wounded.
The water moccasin bites you.
You hit the water moccasin.
The water moccasin is almost dead.
The water moccasin completely misses you.
You sock the water moccasin!
You kill the water moccasin!
Trog accepts your kill. The acid dragon spits acid at you.
The splash of acid hits you! The acid corrodes you!
You are splashed with acid!
The acid dragon spits acid at you. The splash of acid hits you!
* * * LOW HITPOINT WARNING * * *
You are splashed with acid!
* * * LOW HITPOINT WARNING * * *
All of the chunks of flesh in your inventory have rotted away.
The acid dragon spits acid at you.
The splash of acid hits you but does no damage.
The acid corrodes you!
You are splashed with acid!
You die...

#..###.............
#..# #.............
#..# #.............
#..###............#
#......##########.#
######.###.)......#
.#
#...............<.#
#######...........#
#....@......#
#...........#
###...o########
#......# #.#....#
#..D#...#
#.#.#.#....
###..###....#
#...##.######


You could see an acid dragon (catching breath) and an orc.

Vanquished Creatures
  Maggie (D:5)
  Eustachio (D:5)
  A water moccasin (D:6)
  2 ice beasts
  3 phantoms
  3 ogres
  A centaur (D:5)
  A bullfrog (D:6)
  A scorpion (D:4)
  2 jellies (D:5)
  A hound (D:5)
  2 iguanas (D:4)
  2 worker ants
  Natasha (twice) (D:3)
  A big kobold zombie (Ossuary)
  A hound zombie (D:5)
  2 mummies (Ossuary)
  A hound skeleton (D:4)
  A worker ant zombie (D:5)
  10 adders
  An ooze (D:2)
  5 adder zombies (Ossuary)
  An adder skeleton (D:4)
  A worm (D:3)
  3 dart slugs
  A leopard gecko (D:2)
  8 orcs
  2 ball pythons
  4 giant cockroaches
  4 gnoll zombies (Ossuary)
  9 goblins
  5 hobgoblins
  14 jackals
  A quokka (D:5)
  6 bats
  3 frilled lizards
  A giant cockroach zombie (D:5)
  2 hobgoblin zombies (Ossuary)
  11 kobolds
  3 kobold zombies (Ossuary)
  5 orc zombies (Ossuary)
  A quokka skeleton (D:4)
  7 rats
137 creatures vanquished.

Notes
Turn   | Place    | Note
-------+----------+-------------------------------------------
     0 | D:1      | selver the Gargoyle Berserker began the quest for the Orb.
     0 | D:1      | Reached XP level 1. HP: 14/14 MP: 1/1
   104 | D:1      | Reached XP level 2. HP: 9/19 MP: 2/2
   564 | D:1      | You fall into a shaft and drop 1 floor!
   633 | D:2      | Reached ** piety under Trog
   633 | D:2      | Reached skill level 4 in Maces & Flails
   636 | D:2      | Reached XP level 3. HP: 20/23 MP: 3/3
  1248 | D:2      | Reached XP level 4. HP: 28/28 MP: 4/4
  1291 | D:2      | Reached skill level 5 in Maces & Flails
  1653 | D:2      | Found a shimmering altar of Xom.
  1895 | D:3      | Reached *** piety under Trog
  1895 | D:3      | Reached XP level 5. HP: 26/32 MP: 5/5
  1973 | D:3      | Noticed an ice beast
  1996 | D:3      | Killed an ice beast
  1996 | D:3      | Reached skill level 6 in Maces & Flails
  2014 | D:3      | Found an ornate altar of the Wu Jian Council.
  2157 | D:3      | Reached XP level 6. HP: 21/37 MP: 6/6
  2313 | D:3      | Noticed Natasha
  2332 | D:3      | Killed Natasha
  2427 | D:3      | Found an ancient bone altar of Kikubaaqudgha.
  2572 | D:3      | Reached skill level 7 in Maces & Flails
  2626 | D:3      | Noticed Natasha
  2644 | D:3      | Killed Natasha
  2843 | D:3      | Found a basalt altar of Yredelemnul.
  3053 | D:4      | Found a sand-covered staircase.
  3059 | Ossuary  | Entered an ossuary
  3356 | D:4      | Noticed a phantom
  3400 | D:4      | Killed a phantom
  3400 | D:4      | Reached XP level 7. HP: 32/41 MP: 7/7
  3489 | D:4      | Reached **** piety under Trog
  3579 | D:4      | Found a radiant altar of Vehumet.
  3583 | D:4      | Reached skill level 8 in Maces & Flails
  4150 | D:4      | Reached skill level 9 in Maces & Flails
  4171 | D:4      | Reached XP level 8. HP: 46/46 MP: 8/8
  4503 | D:5      | Entered Level 5 of the Dungeon
  4511 | D:5      | Found Batisoz's Jewellery Emporium.
  5079 | D:5      | Reached skill level 10 in Maces & Flails
  5272 | D:5      | Noticed Eustachio
  5280 | D:5      | Killed Eustachio
  5405 | D:5      | Found an iron altar of Okawaru.
  5658 | D:6      | Noticed Maggie
  5708 | D:5      | Killed Maggie
  5708 | D:5      | Reached skill level 11 in Maces & Flails
  5708 | D:5      | Reached XP level 9. HP: 39/51 MP: 9/9
  5961 | D:6      | Splashed by an acid dragon's acid

Illustrated notes

Levels and vault maps discovered:
D:1:      dpeg_arrival_renting, layout_loops_cross
D:2:      layout_loops_corners, marbit_many_paths
D:3:      layout_rooms, lemuel_doored_altar, nicolae_overflow_hidden_temple,
          lemuel_round_altar, first_ration, uniq_natasha
D:4:      minmay_chambers_of_twos, layout_loops_ring, enter_ossuary_1,
          vehumet_altar_wand_db
D:5:      layout_basic, overflow_temple_1_default, serial_shops, shop,
          uniq_eustachio
D:6:      layout_basic, grunt_qazlal_clouds, zin_scriptorium,
          ebering_ghost_reflecting_pool, minmay_manual_monstrance, uniq_maggie,
          uniq_menkaure

Skill      XL: |  1  2  3  4  5  6  7  8 |
---------------+-------------------------+-----
Maces & Flails | 4 5 6 7 9 11 | 11.9
Fighting       | |  3.2
Armour         | |  2.1
Dodging        | |  1.5

Action                   |  1- 3 |  4- 6 |  7- 9 || total
-------------------------+-------+-------+-------++-------
Melee: Mace              |    42 |   133 |   271 ||   446
       Whip              |   129 |   258 |       ||   387
Invok: Berserk           |       |     2 |     3 ||     5
       Trog's Hand       |       |     1 |     3 ||     4
Evoke: Wand              |       |       |     1 ||     1
  Use: Potion            |       |     3 |     2 ||     5
       Scroll            |       |    12 |       ||    12
  Eat: Chunk             |     1 |     9 |    10 ||    20
       Ration            |       |       |     1 ||     1
Armor: Animal skin       |    13 |       |       ||    13
       Chain mail        |    76 |   206 |   155 ||   437
Dodge: Dodged            |    83 |   163 |   121 ||   367
